 Dungeon Crawl Stone Soup version 0.14-a0-1168-gf5005bf (webtiles) character file.

1313 PolkaDot the Ruinous (level 8, -3/52 HPs)
             Began as a Vampire Conjurer on Nov 29, 2013.
             Was a Follower of Vehumet.
             Slain by a centaur (5 damage)
             ... on Level 4 of the Dungeon.
             The game lasted 00:17:07 (4203 turns).

PolkaDot the Ruinous (Vampire Conjurer)             Turns: 4203, Time: 00:17:08

HP  -3/52        AC  4     Str  7      XL: 8   Next:  6%
MP   0/13        EV 18     Int 19      God: Vehumet [*.....]
Gold 254         SH  0     Dex 18 (19) Spells:  4 memorised,  1 level left

rFire  . . .     SeeInvis +     e - +1 elf spear (curse)
rCold  . . .     Clarity  .     d - +1 elf robe
rNeg   . . .     Conserve .     (no shield)
rPois  .         rCorr    .     (no helmet)
rElec  .         rRot     .     (no cloak)
SustAb . .       Spirit   .     n - +0 pair of gauntlets
rMut   .         Warding  .     (no boots)
Saprov . . .     Stasis   .     (no amulet)
                                (no ring)
                                (no ring)

@: regenerating quickly, agile, somewhat resistant to hostile enchantments,
quite stealthy
A: bottle blood, fangs 3, see invisible, unbreathing
a: Bottle Blood, Renounce Religion


You were on level 4 of the Dungeon.
You worshipped Vehumet.
Vehumet was aware of your devotion.
You were full.

You visited 2 branches of the dungeon, and saw 5 of its levels.

You collected 254 gold pieces.

Inventory:

Hand weapons
 e - a cursed +1,+1 elven spear (weapon)
 r - a cursed -3,-3 orcish dagger
Armour
 d - a +1 elven robe (worn)
 n - a +0 pair of gauntlets (worn)
Magical devices
 a - a wand of digging (13) {unknown}
 q - a wand of enslavement (13) {unknown}
Scrolls
 b - a scroll of enchant weapon II
 g - 2 scrolls of fear
 h - a scroll of fog {unknown}
 i - a scroll of random uselessness {unknown}
 j - 4 scrolls of identify
 l - a scroll of recharging {unknown}
 m - a scroll of noise {unknown}
 o - 2 scrolls of teleportation {unknown}
Potions
 k - a potion of beneficial mutation
Books
 c - a book of Conjurations

   Spells                             Type                      Level
   *Magic Dart                        Conjuration                  1
   *Searing Ray                       Conjuration                  2
   Dazzling Spray                     Conjuration/Hexes            3
   *Iskenderun's Mystic Blast         Conjuration                  4
   Iskenderun's Battlesphere          Conjuration/Charms           4
   Fulminant Prism                    Conjuration/Hexes            5


   Skills:
 - Level 2.1 Dodging
 - Level 3.0 Stealth
 - Level 1.0 Spellcasting
 * Level 7.9 Conjurations


You had one spell level left.
You knew the following spells:

 Your Spells              Type           Power        Failure   Level  Hunger
a - Magic Dart            Conj           ####         1%          1    ##.....
d - Iskenderun's Mystic   Conj           ####....     10%         4    #####..
s - Searing Ray           Conj           ####..       1%          2    ###....
A - Freeze                Ice            #...         21%         1    ##.....


Dungeon Overview and Level Annotations

Branches:
Dungeon (4/16)             Temple (1/1) D:4

Altars:
Cheibriados
Elyvilon
Fedhas
Kikubaaqudgha
Makhleb
Nemelex Xobeh
Trog
Vehumet
Xom
Yredelemnul
Zin
the Shining One


Innate Abilities, Weirdness & Mutations

Your natural rate of healing is unusually fast.
You can bottle blood from corpses.
You have razor-sharp teeth.*
You have supernaturally acute eyesight.
You can survive without breathing.*


Message History

You feel better. The centaur hits you!
* * * LOW HITPOINT WARNING * * *
You barely miss the centaur.
The centaur is severely wounded.
The centaur hits you but does no damage.
The centaur hits you.
* * * LOW HITPOINT WARNING * * *
Casting: Magic Dart
Confirm with . or Enter, or press ? or * to list all spells.
Aiming: Magic Dart
Press: ? - help, Shift-Dir - straight line, f/p - centaur
Aim: a centaur wearing a +0 robe (severely wounded)
The magic dart hits the centaur.
The centaur is severely wounded.
* * * LOW MAGIC WARNING * * *
The centaur barely misses you.
Drink which item? (? for menu, Esc to quit)
You feel more agile all of a sudden. The centaur hits you.
You die...

####...)....≈≈≈≈≈...)≈≈≈≈...#..#.
............≈≈≈≈≈)≈≈≈≈o≈≈...+..#.
###......%..≈≈≈≈≈≈≈≈≈≈≈≈≈...#.<#.
#.........≈≈≈≈≈≈≈≈≈≈≈)≈...#..#.
#.........≈≈≈≈≈≈≈≈≈≈≈≈≈...####.
#.........≈≈≈≈≈≈≈≈≈≈≈≈≈........
#........((................####
#.......(#####c.##########.#
#..#####.#...#@(# #.# #..#
#.#...#).# #.# #..# #.#...#..#
#.# ###..# #.#...#.(# #.# .....#
#.###'#..# #.# ####.# #........#
#.# ...[.# #.....[..# #.####
...#.# #..)...(.##########.....
####.#####.......................


You could see a centaur.

Vanquished Creatures
  Grinder (D:3)
  Menkaure (D:4)
  A phantom (D:4)
  A sky beast (D:3)
  An ogre (D:4)
  Duvessa (D:4)
  2 centaurs (D:4)
  Dowan (D:4)
  An orc priest (D:4)
  A hound (D:4)
  An iguana (D:4)
  Ijyb (D:3)
  4 adders
  A worm (D:4)
  A giant gecko (D:1)
  An ooze (D:1)
  9 orcs
  4 giant cockroaches
  8 goblins
  11 hobgoblins
  2 quokkas
  8 bats
  6 giant newts
  5 kobolds
  10 rats
83 creatures vanquished.

Notes
Turn   | Place    | Note
--------------------------------------------------------------
     0 | D:1      | PolkaDot, the Vampire Conjurer, began the quest for the Orb.
     0 | D:1      | Reached XP level 1. HP: 13/13 MP: 4/4
   297 | D:1      | Reached XP level 2. HP: 19/19 MP: 5/5
   810 | D:2      | Learned a level 2 spell: Searing Ray
   937 | D:2      | Reached XP level 3. HP: 22/24 MP: 6/6
  1163 | D:2      | Reached skill level 4 in Conjurations
  1721 | D:3      | Noticed Grinder
  1747 | D:4      | Noticed Menkaure
  1751 | D:4      | Killed Menkaure
  1751 | D:4      | Reached skill level 5 in Conjurations
  1751 | D:4      | Reached XP level 4. HP: 22/30 MP: 2/8
  1751 | D:4      | Reached XP level 5. HP: 25/35 MP: 2/9
  1855 | D:4      | Found a staircase to the Ecumenical Temple.
  1865 | Temple   | Entered the Ecumenical Temple
  1888 | Temple   | Became a worshipper of Vehumet
  1914 | D:4      | Noticed an ogre
  1919 | D:4      | Killed an ogre
  1927 | D:4      | Noticed Dowan
  2001 | D:4      | Killed Dowan
  2001 | D:4      | Reached XP level 6. HP: 38/41 MP: 3/10
  2213 | D:4      | Noticed a centaur
  2214 | D:4      | Noticed a centaur
  2306 | D:4      | Noticed a phantom
  2318 | D:4      | Noticed Duvessa
  2352 | D:4      | Killed Duvessa
  2479 | D:4      | Noticed a centaur
  2563 | D:4      | Reached skill level 6 in Conjurations
  2710 | D:4      | Killed a phantom
  3063 | D:4      | Reached XP level 7. HP: 39/46 MP: 2/11
  3445 | D:3      | Noticed a sky beast
  3451 | D:3      | Killed a sky beast
  3576 | D:3      | Killed Grinder
  3576 | D:3      | Reached skill level 7 in Conjurations
  3735 | D:3      | Noticed Ijyb
  3743 | D:3      | Killed Ijyb
  3856 | D:3      | Found a bloodstained altar of Trog.
  3856 | D:3      | Found a white marble altar of Elyvilon.
  4062 | D:4      | Acquired Vehumet's first power
  4062 | D:4      | Offered knowledge of Freeze by Vehumet.
  4115 | D:4      | Learned a level 1 spell: Freeze
  4120 | D:4      | Learned a level 4 spell: Iskenderun's Mystic Blast
  4131 | D:4      | Killed a centaur
  4177 | D:4      | Killed a centaur
  4177 | D:4      | Reached XP level 8. HP: 41/52 MP: 4/13
  4199 | D:4      | HP: 1/52 [centaur (9)]
  4203 | D:4      | Slain by a centaur

Action                   |  1- 3 |  4- 6 |  7- 9 || total
-------------------------+-------+-------+-------++-------
Melee: Spear             |   141 |    58 |    58 ||   257
       Unarmed           |     5 |       |       ||     5
 Cast: Magic Dart        |     3 |    10 |     5 ||    18
       Searing Ray       |     4 |    11 |    12 ||    27
       Iskenderun's Myst |       |       |     2 ||     2
  Use: Potion            |     2 |     1 |     4 ||     7
       Scroll            |       |     5 |     1 ||     6
 Stab: Sleeping          |     5 |       |     2 ||     7
